 Dungeon Crawl Stone Soup version 0.30.1-3-gfc49f6343a (webtiles) character file.

Game seed: 15001375985612239215

70 Fodor the Shield-Bearer (level 4, -1/40 HPs)
             Began as a Minotaur Fighter on Aug 6, 2023.
             Slain by a gnoll
             ... wielding a +0 whip
              (2 damage)
             ... on level 2 of the Dungeon.
             The game lasted 00:07:09 (1240 turns).

Fodor the Shield-Bearer (Minotaur Fighter)          Turns: 1240, Time: 00:07:09

Health: -1/40      AC:  7    Str: 22    XL:     4   Next: 3%
Magic:  3/3        EV:  9    Int:  5    God:
Gold:   78         SH:  4    Dex: 10    Spells: 3/3 levels left

rFire   . . .        p - +0 war axe
rCold   . . .        c - +0 buckler
rNeg    . . .        b - +0 scale mail
rPois   .            (helmet restricted)
rElec   .            (no cloak)
rCorr   .            (no gloves)
SInv    .            (no boots)
Will    .....        (no amulet) Stlth
                     (no ring)
HPRegen 0.26/turn    (no ring)
MPRegen 0.08/turn

%: random rage (3%)
@: attractive, flying, hasted, invisible, very quick
A: horns 2, retaliatory headbutt, berserk 1, high MP 1
a: no special abilities


You were on level 2 of the Dungeon.
You visited 1 branch of the dungeon, and saw 2 of its levels.

You collected 78 gold pieces.

Inventory:

Hand Weapons
 p - a +0 war axe (weapon)
Armour
 b - a +0 scale mail (worn)
 c - a +0 buckler (worn)
Scrolls
 e - a scroll of identify {unknown}
 j - a scroll of immolation {unknown}
 m - 2 scrolls of enchant armour {unknown}
 n - a scroll of acquirement {unknown}
Potions
 d - a potion of might
 f - a potion of flight
 g - 2 potions of attraction
 h - a potion of invisibility
 k - 2 potions of mutation
 l - a potion of lignification {unknown}
 o - a potion of brilliance {unknown}


   Skills:
 + Level 3.9 Fighting
 + Level 3.6 Long Blades
 + Level 1.0 Axes
 + Level 4.0 Armour
 + Level 0.6 Dodging
 + Level 4.4 Shields


You had 3 spell levels left.
You didn't know any spells.
Your spell library contained the following spells:

 Spells                   Type           Power      Damage    Failure   Level
 Cigotuvi's Dreadful Rot  Necr/Pois/Air  0%         N/A       94%         2
 Dispel Undead            Necr           0%         3d6       100%        4
 Death Channel            Necr           0%         N/A       100%        6


Dungeon Overview and Level Annotations

Branches:
Dungeon (2/15)

Altars:


Innate Abilities, Weirdness & Mutations

You have a pair of horns on your head.
You reflexively headbutt those who attack you in melee.
You sometimes lose your temper in combat.
You have an increased reservoir of magic. (+10% MP)


Message History

You kill the gnoll!
The gnoll hits you from afar with a +0 spear.
The ball python bites you. The ball python barely misses you.
The gnoll hits you from afar with a +0 spear.
Your Axes skill increases to level 1!
Your Armour skill increases to level 4!
You have reached level 4!
You feel agile.
You slash the ball python!
You kill the ball python!
You block the gnoll's attack.
You closely miss the gnoll. The gnoll hits you but does no damage.
The gnoll hits you from afar with a +0 spear. x2
The gnoll misses you.
You barely miss the gnoll. The gnoll hits you but does no damage.
The gnoll hits you from afar with a +0 spear.
You hit the gnoll.
You headbutt the gnoll, but do no damage.
The gnoll is heavily wounded.
You block the gnoll's attack.
The gnoll hits you from afar with a +0 spear!
The gnoll hits you from afar with a +0 spear.
The gnoll hits you with a +0 whip.
* * * LOW HITPOINT WARNING * * *
It was a potion of attraction.
You feel attractive to monsters. The gnoll hits you but does no damage.
The gnoll misses you.
It was a potion of invisibility.
You fade into invisibility!
The gnoll barely misses you. The gnoll hits you but does no damage.
It was a potion of flight.
You feel very buoyant.
You fly up into the air.
You block the gnoll's attack. x2
It was a potion of mutation.
You feel extremely strange.
You feel more energetic.
You feel a little pissed off.
The gnoll hits you from afar with a +0 spear!
* * * LOW HITPOINT WARNING * * *
You block the gnoll's attack.
It was a potion of haste.
You feel yourself speed up. The gnoll hits you with a +0 whip.
You die...

..r..............................
##..#.##..<............####.#.##.
♣........###.####.#.............
.♣.#.###.# #.# #.#.....##.#.##.
#.#...#.##.#.##.
#####.#........#.##.
#.#.................
#.####.###.#...........#.
......gg@................
......g##..#.#.#.###...## #..###.
#..............## # ..
#.....##.###..... #.. #####.#
.#......# ... .##.#.#...## ##..
.......<..# #.. #...##...## ...
#.....


You could see 3 gnolls.

Vanquished Creatures
  A gnoll (D:2)
  An adder (D:2)
  2 worms (D:2)
  A dart slug (D:1)
  8 endoplasms
  3 giant cockroaches (D:1)
  4 goblins
  A hobgoblin (D:1)
  A jackal (D:1)
  4 kobolds
  A quokka (D:1)
  2 ball pythons
  4 bats
  2 frilled lizards (D:1)
  6 rats
41 creatures vanquished.

Notes
Turn   | Place    | Note
-------+----------+-------------------------------------------
     0 | D:1      | Fodor the Minotaur Fighter began the quest for the Orb.
     0 | D:1      | Reached XP level 1. HP: 19/19 MP: 0/0
   333 | D:1      | Reached XP level 2. HP: 18/27 MP: 1/1
   675 | D:1      | Reached XP level 3. HP: 28/33 MP: 2/2
  1232 | D:2      | Reached skill level 1 in Axes
  1232 | D:2      | Reached XP level 4. HP: 36/40 MP: 3/3
  1239 | D:2      | Gained mutation: You have an increased reservoir of magic.
                  | (+10% MP) [potion of mutation]
  1239 | D:2      | Gained mutation: You sometimes lose your temper in combat.
                  | [potion of mutation]
  1239 | D:2      | HP: 1/40 [gnoll/+0 spear (8)]
  1240 | D:2      | Slain by a gnoll

Illustrated notes

Levels and vault maps discovered:
D:1:      evilmike_arrival_rings, layout_loops_ring, minmay_tetromino_l4
D:2:      layout_basic, kennysheep_crisscross, minmay_cupped

Skill      XL: |  1  2  3 |
---------------+----------+-----
Long Blades    | 3 |  3.6
Shields        | 4 |  4.4
Axes           | 1 |  1.0
Armour         | 4 |  4.0
Fighting       | |  3.9
Dodging        | |  0.6

Action                     |  1- 3 |  4- 6 || total
---------------------------+-------+-------++-------
  Melee: Long sword        |    55 |       ||    55
         Headbutt          |    11 |     1 ||    12
         War axe           |    35 |     4 ||    39
    Use: Potion            |       |     5 ||     5
 Armour: Scale mail        |    52 |     4 ||    56
  Dodge: Dodged            |    50 |     3 ||    53
  Block: Buckler           |    23 |     5 ||    28
